AoeStats
← Farbigno

Arabia

505567830Analyzed
4v4 RM · 23d ago on Sep 10, 2026· 40m 51s· 8 players
Game mode
Random Map
Map size
Large (8 player)
Population
200
Speed
Normal
Resources
Standard
Victory
Conquest
Starting age
Dark Age
Ending age
Imperial Age
RankedLock teamsTeams togetherTeam positionsShared explorationLock speedFull tech treeHidden civsTurbo modeCheats
Victory
Defeat
🇦🇺 Burmese · Australia
829
+10
🇲🇽 Britons · Mexico
749
+13
🇦🇷 Vikings · Argentina
728
+14
🇺🇸 Poles · United States
660
+17
🇨🇷 Spanish · Costa Rica
711
-15
🇨🇷 Maya · Costa Rica
685
-13
🇨🇷 Vietnamese · Costa Rica
684
-13
🇨🇷 Franks · Costa Rica
684
-13
La Morte Noire
11:34 Feudal Age
16:18 Castle Age
17:04 Wheelbarrow
18:35 Double-Bit Axe
18:31 Horse Collar
19:28 Bow Saw
19:27 Heavy Plow
24:00 Crossbowman
24:39 Gold Mining
24:41 Fletching
25:56 Gold Shaft Mining
25:44 Padded Archer Armor
27:48 Bodkin Arrow
28:08 Leather Archer Armor
30:37 Ballistics
31:37 Loom
36:46 Stone Mining
37:11 Hand Cart
Bwinthehouse
12:37 Feudal Age
20:13 Castle Age
20:37 Double-Bit Axe
23:58 Double-Bit Axe
23:57 Horse Collar
26:55 Bloodlines
31:21 Double-Bit Axe
33:34 Husbandry
34:23 Bow Saw
35:11 Heavy Plow
37:03 Loom
38:53 Wheelbarrow
40:06 Stone Mining
42:56 Imperial Age
Chule14
0:59 Loom
11:48 Feudal Age
12:49 Double-Bit Axe
16:38 Gold Mining
16:43 Stone Mining
16:32 Man-at-Arms
29:12 Forging
29:02 Scale Mail Armor
32:33 Castle Age
33:39 Long Swordsman
34:05 Gambesons
33:42 Pikeman
34:23 Squires
34:11 Arson
36:00 Iron Casting
35:40 Chain Mail Armor
38:20 Caravan
40:25 Horse Collar
Good Knight
11:36 Feudal Age
9:54 Loom
13:47 Wheelbarrow
13:10 Town Watch
15:30 Man-at-Arms
19:43 Gold Mining
24:49 Castle Age
28:31 Town Patrol
Farbigno
0:26 Loom
11:12 Feudal Age
13:06 Wheelbarrow
12:15 Horse Collar
15:12 Double-Bit Axe
20:45 Town Watch
33:46 Castle Age
41:19 Castle Age
gaburierurr
12:53 Feudal Age
11:09 Loom
14:05 Feudal Age
12:22 Loom
18:54 Castle Age
17:20 Double-Bit Axe
19:20 Light Cavalry
22:02 Bow Saw
23:16 Padded Archer Armor
40:42 Leather Archer Armor
40:45 Bloodlines
knoxhunts
11:32 Feudal Age
13:24 Fletching
13:39 Padded Archer Armor
15:09 Double-Bit Axe
15:07 Horse Collar
19:09 Gold Mining
25:35 Scale Mail Armor
25:44 Scale Barding Armor
25:52 Bloodlines
32:16 Castle Age
33:22 Crossbowman
34:08 Thumb Ring
34:04 Bodkin Arrow
34:25 Leather Archer Armor
33:57 Light Cavalry
36:10 Stone Mining
Ozymandias
13:26 Feudal Age
12:45 Loom
17:42 Castle Age
17:53 Double-Bit Axe
24:12 Bow Saw
34:20 Elite Skirmisher
40:02 Imperial Age
39:04 Fletching
Connection lost

Rejoining the realm…

Still unreachable

The connection could not be restored.

Session expired

The server has moved on; the page needs a fresh start.